 Dungeon Crawl Stone Soup version 0.19-a0-1457-g32fba05 (webtiles) character file.

484 Leszczynek the Cudgeler (level 7, -14/61 HPs)
             Began as a Hill Orc Wanderer on Sept 7, 2016.
             Was a Follower of Zin.
             Demolished by Menkaure (22 damage)
             ... on level 4 of the Dungeon.
             The game lasted 00:12:03 (5131 turns).

Leszczynek the Cudgeler (Hill Orc Wanderer)         Turns: 5131, Time: 00:12:04

Health: -14/61     AC:  5    Str: 23    XL:     7   Next: 12%
Magic:  7/7        EV: 11    Int: 11    God:    Zin [*.....]
Gold:   157        SH:  0    Dex: 10    Spells: 0 memorised, 6 levels left

rFire  . . .     SeeInvis .     l - +0 mace
rCold  . . .     Gourm    .     n - +1 leather armour
rNeg   . . .     Faith    .     (no shield)
rPois  .         Spirit   .     (no helmet)
rElec  .         Dismiss  .     t - +0 cloak
rCorr  .         Reflect  .     (no gloves)
MR     .....     Harm     .     (no boots)
Stlth  +.........               (no amulet)
                                (no ring)
                                (no ring)

@: mighty, short of breath
A: no striking features
a: Recite, Donate Gold, Renounce Religion


You were on level 4 of the Dungeon.
You worshipped Zin.
Zin was aware of your devotion.
You were not hungry.

You visited 2 branches of the dungeon, and saw 5 of its levels.

You collected 174 gold pieces.
You donated 17 gold pieces to Zin.

Inventory:

Hand Weapons
 l - a +0 mace (weapon)
 w - a +0 flail
 y - a +0 hand axe
Missiles
 u - 2 tomahawks of dispersal
 v - 11 tomahawks (quivered)
 B - 5 javelins
Armour
 n - a +1 leather armour (worn)
 t - a +0 cloak (worn)
Wands
 z - a wand of disintegration (8/24)
 A - a wand of polymorph (5/24)
Scrolls
 c - 3 scrolls of teleportation
 d - a scroll of noise {unknown}
 g - a scroll of magic mapping {unknown}
 j - a scroll of enchant weapon {unknown}
 o - 2 scrolls of enchant armour
 r - 2 scrolls of identify {unknown}
Potions
 b - a potion of lignification
 e - a potion of might
 h - a potion of cure mutation {unknown}
 i - a potion of berserk rage {unknown}
 p - a potion of degeneration {unknown}
 q - a potion of brilliance {unknown}
Comestibles
 a - 3 chunks of flesh
 f - 5 bread rations
 k - 4 meat rations
 m - 3 fruits
 s - 2 slices of pizza
 x - 2 beef jerkies


   Skills:
 - Level 5.1 Fighting
 - Level 1.3(5.5) Axes
 + Level 7.0(7.1) Maces & Flails
 - Level 1.0 Throwing
 - Level 1.5 Dodging
 - Level 2.1 Unarmed Combat
 - Level 1.0 Evocations


You had 6 spell levels left.
You didn't know any spells.

Dungeon Overview and Level Annotations

Branches:
Dungeon (4/15)             Temple (1/1) D:4

Altars:
Ashenzari
Cheibriados
Elyvilon
Fedhas
Gozag
Hepliaklqana
Kikubaaqudgha
Makhleb
Nemelex Xobeh
Okawaru
Sif Muna
Uskayaw
Xom
Yredelemnul
Zin
The Shining One

Annotations:
D:3 braks's ghost, amateur GrMo
D:4 Menkaure


Message History

You sock Menkaure!
Menkaure is moderately damaged. "...not to stray from harmony, lest..."
Menkaure hits you.
You hit Menkaure but do no damage.
Menkaure is moderately damaged. "...they become as damned as the bastard children of Xom."
You finish reciting Apostates 18:38.
Menkaure hits you!
* * * LOW HITPOINT WARNING * * *
Menkaure completely misses you.
You hit Menkaure but do no damage.
Menkaure is moderately damaged.
Menkaure hits you!
* * * LOW HITPOINT WARNING * * *
Unknown command.
It was a potion of might.
You feel very mighty all of a sudden. Menkaure hits you!!
You die...

#.... #.##### ......
##...#####.....####....(
#........#......###.....
#...?....#..............
#........#.....#........
#........#.###...##.....
#....††....###.##..<.#.#
#..............#..#.##..
#......@?#.#..##.##.##.#
#......M.#....#.....#...
#.......................
####.#......[.#.....>##.
#.##.......#......### #.
#..............#
#.......#..##.##
##..............##
....####....


You could see Menkaure.

Vanquished Creatures
  Duvessa (D:4)
  A centaur (D:4)
  Dowan (D:4)
  An orc wizard (D:4)
  An orc priest (D:3)
  A giant frog skeleton (D:4)
  3 adders (D:3)
  2 oozes
  A worm (D:2)
  2 dart slugs (D:3)
  2 giant geckos
  11 orcs
  6 giant cockroaches
  8 goblins
  13 hobgoblins
  8 jackals
  6 kobolds
  3 quokkas
  2 ball pythons
  12 bats
  7 giant newts
  9 rats
101 creatures vanquished.

Notes
Turn   | Place    | Note
-------+----------+-------------------------------------------
     0 | D:1      | Leszczynek the Hill Orc Wanderer began the quest for the Orb.
     0 | D:1      | Leszczynek set off with: 2 potions of heal wounds, a potion of lignification, a scroll of teleportation, a +0 robe, a +0 club, a bread ration
     0 | D:1      | Reached XP level 1. HP: 19/19 MP: 1/1
   295 | D:1      | Reached skill level 4 in Fighting
   347 | D:1      | Reached XP level 2. HP: 24/27 MP: 2/2
   649 | D:1      | Reached skill level 5 in Fighting
   649 | D:1      | Reached XP level 3. HP: 24/36 MP: 3/3
  1403 | D:2      | Reached skill level 1 in Maces & Flails
  1727 | D:2      | Reached skill level 2 in Maces & Flails
  1727 | D:2      | Reached XP level 4. HP: 42/42 MP: 4/4
  2848 | D:3      | Reached skill level 3 in Maces & Flails
  3378 | D:3      | Reached XP level 5. HP: 32/48 MP: 5/5
  3697 | D:3      | Reached skill level 4 in Maces & Flails
  3954 | D:3      | Noticed braks's ghost (amateur GrMo)
  4194 | D:4      | Noticed a centaur
  4205 | D:4      | Killed a centaur
  4205 | D:4      | Reached skill level 5 in Maces & Flails
  4205 | D:4      | Reached XP level 6. HP: 42/56 MP: 6/6
  4592 | D:4      | Found a shimmering altar of Xom.
  4592 | D:4      | Found a shimmering altar of Xom.
  4592 | D:4      | Noticed Menkaure
  4661 | D:4      | Found a shimmering altar of Xom.
  4661 | D:4      | Found a shimmering altar of Xom.
  4686 | D:4      | Noticed Dowan
  4808 | D:4      | Found a staircase to the Ecumenical Temple.
  4815 | D:4      | Noticed Duvessa
  4817 | Temple   | Entered the Ecumenical Temple
  4892 | D:4      | and how am i supposed to train invocations?
  4910 | D:4      | Killed Duvessa
  4910 | D:4      | Reached skill level 6 in Maces & Flails
  4942 | D:4      | Killed Dowan
  4942 | D:4      | Reached skill level 7 in Maces & Flails
  4942 | D:4      | Reached XP level 7. HP: 54/61 MP: 7/7
  5014 | Temple   | Became a worshipper of Elyvilon the Healer
  5069 | D:3      | Found a glowing silver altar of Zin.
  5078 | D:3      | Fell from the grace of Elyvilon
  5078 | D:3      | Became a worshipper of Zin the Law-Giver
  5078 | D:3      | Reached * piety under Zin
  5131 | D:4      | Demolished by Menkaure

Vault maps used:
D:1:      dpeg_arrival_concentric_ovals, serial_forest,
          infiniplex_forest_clump_cross, infiniplex_forest_clump_curved,
          infiniplex_forest_corner_1, infiniplex_forest_zigzag_1,
          infiniplex_forest_clump_small, minmay_pentomino_p4
D:2:      serial_glass, glass_columns_a, glass_columns_a, due_unseen_surprise,
          item_on_display_a, feat_on_display, item_on_display_a,
          minmay_split_cup_small
D:3:      marbit_many_paths, first_bread
D:4:      xom_redecorated, uniq_menkaure, uniq_duvessa
Temple:   zaba_magenta_temple

Skill      XL: |  1  2  3  4  5  6 |
---------------+-------------------+-----
Fighting       | 4 5 |  5.1
Maces & Flails | 2 3 5 7 |  7.0
Axes           | |  1.3
Throwing       | |  1.0
Dodging        | |  1.5
Unarmed Combat | |  2.1
Evocations     | |  1.0

Action                   |  1- 3 |  4- 6 |  7- 9 || total
-------------------------+-------+-------+-------++-------
Melee: Club              |    14 |       |       ||    14
       Mace              |   125 |   247 |    13 ||   385
       Punch             |     2 |     2 |       ||     4
       Unarmed           |       |    20 |       ||    20
Invok: Recite            |       |       |     1 ||     1
  Use: Scroll            |     1 |       |       ||     1
       Potion            |       |     4 |     1 ||     5
 Stab: Sleeping          |     1 |       |       ||     1
  Eat: Chunk             |     3 |    10 |     1 ||    14
Armor: Robe              |    27 |       |       ||    27
       Leather armour    |    28 |    79 |     4 ||   111
       Skin              |       |    16 |       ||    16
Dodge: Dodged            |   112 |   166 |     4 ||   282
